 Dungeon Crawl Stone Soup version 0.23.2-33-g5129a83184 (webtiles) character file.

Game seed: 18337857383802835930

3275 teukkam the Fighter (level 9, -37/85 HPs)
             Began as a Minotaur Fighter on July 8, 2019.
             Was an Initiate of Gozag.
             Annihilated by a very large slime creature (42 damage)
             ... on level 9 of the Dungeon on July 9, 2019.
             The game lasted 00:21:54 (7198 turns).

teukkam the Fighter (Minotaur Fighter)              Turns: 7198, Time: 00:21:55

Health: -37/85     AC:  7    Str: 37    XL:     9   Next: 68%
Magic:  8/8        EV:  9    Int:  5    God:    Gozag
Gold:   836        SH: 11    Dex:  9    Spells: 8/8 levels left

rFire    x . .     SeeInvis .   a - +0 hand axe (elec)
rCold    . . .     Gourm    .   Q - +0 shield
rNeg     . . .     Faith    .   U - +1 leather armour "Daewevax" {rF- MR+ Str+7}
rPois    .         Spirit   .   r - +1 hat
rElec    .         Reflect  .   z - +0 cloak
rCorr    .         Harm     .   (no gloves)
MR       +....                  (no boots)
Stlth    +.........             p - amulet of regeneration
HPRegen  0.64/turn              (no ring)
MPRegen  0.11/turn              (no ring)

@: mighty, gold aura
A: retaliatory headbutt, horns 2
a: Potion Petition, Call Merchant, Bribe Branch, Renounce Religion


You were on level 9 of the Dungeon.
You worshipped Gozag.
Gozag was pleased with you.
You were not hungry.

You visited 2 branches of the dungeon, and saw 10 of its levels.

You collected 920 gold pieces.
You paid 84 gold pieces to Gozag.

Inventory:

Hand Weapons
 a - a +0 hand axe of electrocution (weapon)
 b - a +0 hunting sling
 c - a +0 trident of piercing
 k - a +0 blowgun
 y - a +2 spear of freezing
 J - a +3 spear
 L - a +5 short sword
 M - a +3 long sword
Missiles
 g - 130 stones (quivered)
 i - 82 poisoned needles
 o - 13 tomahawks
 s - 38 sling bullets
 P - 3 throwing nets
Armour
 j - a +0 scale mail
 r - a +1 hat (worn)
 z - a +0 cloak (worn)
 Q - a +0 shield (worn)
 S - a +1 leather armour of fire resistance
 U - the +1 leather armour "Daewevax" (worn) {rF- MR+ Str+7}
   (You took it off a gnoll on level 9 of the Dungeon)

   It affects your strength (+7).
   It makes you vulnerable to fire.
   It affects your resistance to hostile enchantments.
Jewellery
 p - an amulet of regeneration (around neck)
 O - a +3 amulet of reflection
Wands
 l - a wand of iceblast (9)
 v - a wand of acid (12)
 T - a wand of digging (3)
Scrolls
 e - 6 scrolls of identify
 h - a scroll of fear
 m - 6 scrolls of remove curse
 n - 3 scrolls of teleportation
 u - 2 scrolls of magic mapping
 x - 3 scrolls of enchant armour {unknown}
 C - a scroll of blinking {unknown}
 D - a scroll of enchant weapon {unknown}
 E - a scroll of random uselessness {unknown}
 H - a scroll of fog
 I - 3 scrolls of amnesia
Potions
 d - 5 potions of curing {unknown}
 q - 3 potions of heal wounds {unknown}
 t - 2 potions of ambrosia {unknown}
 w - 2 potions of agility {unknown}
 A - a potion of magic {unknown}
 F - a potion of berserk rage {unknown}
 G - a potion of haste {unknown}
 K - a potion of resistance {unknown}
 N - a potion of invisibility {unknown}
 R - a potion of cancellation {unknown}
Comestibles
 f - 11 rations


   Skills:
 + Level 9.7 Fighting
 + Level 7.2(8.2) Axes
 - Level 5.6(7.3) Polearms
 + Level 7.6 Slings
 - Level 0.1(4.2) Throwing
 - Level 5.5 Armour
 - Level 5.5 Shields


You had 8 spell levels left.
You didn't know any spells.
Your spell library contained the following spells:

 Spells                   Type           Power        Failure   Level  Hunger
 Sting                    Conj/Pois      #...         89%         1    ##.....
 Poisonous Vapours        Pois/Air       #.....       96%         2    ###....
 Mephitic Cloud           Conj/Pois/Air  #.......     99%         3    ####...
 Olgreb's Toxic Radiance  Pois           #.......     100%        4    #####..
 Venom Bolt               Conj/Pois      #.........   100%        5    ######.


Dungeon Overview and Level Annotations

Branches:
Dungeon (9/15)             Temple (1/1) D:5
   Lair: D:8-11         Orc: D:9-12

Altars:
Cheibriados
Dithmenos
Elyvilon
Fedhas
Gozag
Hepliaklqana
Makhleb
Nemelex Xobeh
Okawaru
Qazlal
Ru
Sif Muna
Trog
Uskayaw
Vehumet
Wu Jian
Xom
Yredelemnul
The Shining One

Annotations:
D:9 Erolcha


Innate Abilities, Weirdness & Mutations

You reflexively headbutt those who attack you in melee.
You have a pair of horns on your head.


Message History

You kill the yak!
You slash the very large slime creature!
Lightning courses through the very large slime creature!
The very large slime creature is lightly wounded.
Two slime creatures merge to form a large slime creature.
The very large slime creature hits you but does no damage.
You feel very mighty all of a sudden.
The very large slime creature hits you!!
You slice the very large slime creature!!
You headbutt the very large slime creature!
The very large slime creature is moderately wounded.
The very large slime creature hits you!!!
Ouch! That really hurt!
* * * LOW HITPOINT WARNING * * *
You barely miss the very large slime creature.
You headbutt the very large slime creature.
The very large slime creature is moderately wounded.
The very large slime creature hits you!!!
You die...
Your body crumbles into a pile of gold.

##### #...#
#...## #...8#
########...##
#@JYYJJ....#
########...#
#(Y.8# #(..##
#Y..# (.J.#
....⌠ #..J.##


You could see a very large slime creature, a large slime creature, a slime
creature and 2 yaks.

Vanquished Creatures
  3 yaks (D:9)
  A steam dragon (D:9)
  An orc warrior (D:7)
  An ice beast (D:5)
  A phantom (D:9)
  A black bear (D:6)
  2 ogres
  2 centaurs
  6 bullfrogs
  5 scorpions
  7 wights (D:6)
  A howler monkey (D:3)
  A crimson imp (D:8)
  3 hounds
  5 orc wizards
  A centaur skeleton (D:6)
  2 jellies
  An orc priest (D:4)
  4 iguanas
  Natasha (thrice) (D:3)
  8 worker ants
  A killer bee zombie (D:9)
  7 gnolls
  9 adders
  5 worms
  4 leopard geckos
  19 orcs
  2 ball pythons
  5 bats
  5 giant cockroaches
  8 goblins
  10 hobgoblins
  9 jackals
  7 kobolds
  A quokka (D:3)
  7 frilled lizards
  A leopard gecko skeleton (D:4)
  10 rats
169 creatures vanquished.

Vanquished Creatures (others)
  An iguana (D:9)
1 creature vanquished.

Grand Total: 170 creatures vanquished

Notes
Turn   | Place    | Note
-------+----------+-------------------------------------------
     0 | D:1      | teukkam the Minotaur Fighter began the quest for the Orb.
     0 | D:1      | Reached XP level 1. HP: 19/19 MP: 0/0
    83 | D:2      | Reached XP level 2. HP: 14/27 MP: 1/1
   306 | D:4      | Noticed a howler monkey
   318 | D:3      | Reached skill level 4 in Fighting
   318 | D:3      | Reached XP level 3. HP: 14/33 MP: 2/2
   323 | D:3      | Reached XP level 4. HP: 5/41 MP: 3/3
   350 | D:3      | Noticed Natasha
   357 | D:3      | Killed Natasha
   451 | D:3      | Reached XP level 5. HP: 20/47 MP: 4/4
   711 | D:3      | Found a burning altar of Makhleb.
  1508 | D:2      | Noticed a moth of wrath
  1510 | D:2      | Found a bloodstained altar of Trog.
  1958 | D:3      | Reached skill level 1 in Slings
  2094 | D:3      | Noticed Natasha
  2102 | D:3      | Killed Natasha
  2102 | D:3      | Reached skill level 5 in Fighting
  2102 | D:3      | Reached skill level 5 in Shields
  2155 | D:4      | Noticed an ogre
  2159 | D:4      | Killed an ogre
  2159 | D:4      | Reached skill level 5 in Armour
  2159 | D:4      | Reached XP level 6. HP: 56/56 MP: 5/5
  2300 | D:4      | Reached XP level 7. HP: 25/61 MP: 6/6
  2614 | D:5      | Entered Level 5 of the Dungeon
  2668 | D:5      | Found a shadowy altar of Dithmenos.
  2669 | D:5      | Found a sparkling altar of Nemelex Xobeh.
  2713 | D:5      | Found a staircase to the Ecumenical Temple.
  2733 | Temple   | Entered the Ecumenical Temple
  2744 | Temple   | Became a worshipper of Gozag Ym Sagoz the Greedy
  3557 | D:3      | Noticed Natasha
  3562 | D:3      | Killed Natasha
  3562 | D:3      | Reached skill level 1 in Polearms
  3743 | D:5      | Reached skill level 6 in Fighting
  4568 | D:6      | Reached XP level 8. HP: 71/71 MP: 7/7
  4684 | D:6      | Reached skill level 7 in Fighting
  4822 | D:6      | Reached skill level 5 in Slings
  4928 | D:6      | Reached skill level 5 in Polearms
  5031 | D:6      | Reached skill level 8 in Fighting
  5511 | D:7      | Reached skill level 5 in Axes
  5933 | D:7      | Found a deep blue altar of Sif Muna.
  5933 | D:7      | Found a shimmering altar of Xom.
  5937 | D:7      | Found a blossoming altar of Fedhas.
  5995 | D:7      | Found a sacrificial altar of Ru.
  6016 | D:7      | Reached XP level 9. HP: 74/82 MP: 8/8
  6889 | D:8      | Reached skill level 9 in Fighting
  6989 | D:9      | Identified the +1 leather armour "Daewevax" {rF- MR+ Str+7}
  7086 | D:9      | Noticed Erolcha
  7198 | D:9      | Annihilated by a very large slime creature

Skill      XL: |  1  2  3  4  5  6  7  8  9 |
---------------+----------------------------+-----
Armour         | 4 5 |  5.5
Fighting       | 4 5 6 8 9 |  9.7
Axes           | 3 4 5 7 |  7.2
Shields        | 4 5 |  5.5
Slings         | 1 2 4 6 7 |  7.6
Polearms       | 3 5 |  5.6
Throwing       | |  0.1

Action                   |  1- 3 |  4- 6 |  7- 9 || total
-------------------------+-------+-------+-------++-------
Melee: War axe           |    42 |   117 |   132 ||   291
       Headbutt          |     3 |    18 |    62 ||    83
       Spear             |       |       |    48 ||    48
       Hand axe          |       |       |   109 ||   109
 Fire: Hunting sling     |       |    30 |    39 ||    69
       Blowgun           |       |     1 |       ||     1
Throw: Stone             |       |     1 |       ||     1
Evoke: Wand              |       |       |     3 ||     3
  Use: Potion            |     1 |       |     1 ||     2
       Scroll            |       |     2 |     6 ||     8
  Eat: Chunk             |       |     5 |       ||     5
       Ration            |       |       |     5 ||     5
Armor: Scale mail        |    16 |    41 |    95 ||   152
       Leather armour    |       |       |     9 ||     9
Dodge: Dodged            |    11 |    33 |    84 ||   128
Block: Shield            |    27 |    70 |   135 ||   232
